Sabres vs Hurricanes

Created - February 3, 2017 at 17:42

Goals
1 2 3 T
Sabres 0 3 0 3
Hurricanes 0 2 0 2
Shots
1 2 3 T
Sabres 8 11 7 26
Hurricanes 5 11 10 26

1st period

No Goal

Penalties :
Ryan Johansen (BUF) for Hooking (Minor) at 8:09, Oliver Ekman-Larsson (BUF) for Hooking (Minor) at 10:29, Nick Foligno (CAR) for Roughing (Minor) at 12:51

2nd period

1. Hurricanes , Leo Komarov 15 (Lee Stempniak, Jamie McGinn) at 4:15
2. Hurricanes , Jamie McGinn 13 (Leo Komarov, Lee Stempniak) at 7:59
3. Sabres , Kyle Turris 12 (Thomas Vanek, Oliver Ekman-Larsson) at 8:37
4. Sabres , Oliver Ekman-Larsson 10 (Ryan Johansen) at 12:12
5. Sabres , Jacob Josefson 2 (Lars Eller, Johnny Oduya) at 17:34

Penalties :
Kyle Quincey (CAR) for Boarding (Minor) at 1:48, Dustin Byfuglien (CAR) for Roughing (Minor) at 5:34, Leo Komarov (CAR) for Interference (Minor) at 15:18

3rd period

No Goal

Penalties :
No Penalty

Goalie Stats

Ondrej Pavelec (BUF), 24 saves from 26 shots - (0.923), W, 12-20-5, 60:00 minutes
Frederik Andersen (CAR), 23 saves from 26 shots - (0.885), L, 18-11-4, 59:37 minutes

Players Stats for Sabres

Player Name              G  A  P  +/- PIM S  H  SB GA TA FO     MP     PP MP  PK MP  
------------------------------------------------------------------------------------
Braydon Coburn           0  0  0  -1  0   0  0  1  0  0  0/0    13:57   0:00   2:09 
Brock Nelson             0  0  0   1  0   5  0  0  0  0  0/0    22:10   4:11   0:12 
Daniel Winnik            0  0  0   0  0   1  0  1  0  0  0/0    13:08   0:00   2:16 
Francois Beauchemin      0  0  0   2  0   1  1  1  0  0  0/0    26:07   3:21   1:49 
Gustav Nyquist           0  0  0   0  0   1  0  0  0  0  0/0    13:33   3:41   0:00 
Jacob Josefson           1  0  1  -1  0   1  0  0  0  0  1/1     6:25   0:00   0:00 
Johnny Oduya             0  1  1  -1  0   1  0  1  0  0  0/0    14:37   0:00   1:49 
Kris Versteeg            0  0  0  -1  0   3  0  0  0  0  1/1     7:59   0:04   1:30 
Kyle Turris              1  0  1   1  0   2  2  0  0  0  10/20  17:47   3:45   0:00 
Lars Eller               0  1  1  -1  0   2  2  0  0  0  6/10    6:37   0:00   0:12 
Matt Cullen              0  0  0   1  0   2  2  0  0  0  2/2    16:18   0:00   2:16 
Nino Niederreiter        0  0  0   1  0   2  2  0  0  0  2/2    21:32   3:45   0:00 
Oliver Ekman-Larsson     1  1  2   2  2   1  4  1  0  0  0/0    23:17   3:21   0:00 
Rasmus Ristolainen       0  0  0   0  0   0  3  0  0  0  0/0    19:56   4:35   0:00 
Ryan Johansen            0  1  1   1  2   0  5  0  0  0  12/24  21:57   4:11   0:00 
Thomas Vanek             0  1  1   1  0   2  2  0  0  0  1/1    17:13   4:11   0:00 
Tyler Myers              0  0  0   0  0   0  3  1  0  0  0/0    22:05   4:35   2:09 
Zach Hyman               0  0  0   0  0   2  2  0  0  0  6/17   11:22   0:00   1:30 

Players Stats for Hurricanes

Player Name              G  A  P  +/- PIM S  H  SB GA TA FO     MP     PP MP  PK MP  
------------------------------------------------------------------------------------
Alex Chiasson            0  0  0   0  0   0  3  0  0  0  0/0    12:14   0:00   0:00 
Brad Richardson          0  0  0   0  0   1  1  0  0  0  7/19   13:22   0:00   4:46 
Brian Boyle              0  0  0   0  0   0  0  0  0  0  3/6     8:59   0:00   4:43 
Brian Dumoulin           0  0  0   0  0   1  1  1  0  0  0/0    18:23   0:00   4:20 
Brian Strait             0  0  0   0  0   0  0  0  0  0  0/0     7:30   0:00   2:15 
Bryan Little             0  0  0  -2  0   3  2  2  0  0  12/25  22:45   2:44   0:50 
Carl Hagelin             0  0  0   0  0   0  0  0  0  0  1/1     0:46   0:00   0:00 
Dustin Byfuglien         0  0  0  -1  2   0  3  3  0  0  0/0    23:30   1:59   2:54 
Jamie McGinn             1  1  2   1  0   6  0  0  0  0  1/1    17:33   1:58   0:00 
Jordan Oesterle          0  0  0   0  0   0  1  0  0  0  0/0    17:24   1:59   0:00 
Keith Yandle             0  0  0   0  0   1  0  0  0  0  0/0    16:06   1:15   0:00 
Kyle Quincey             0  0  0   0  2   0  1  1  0  0  0/0    13:44   0:44   2:51 
Lee Stempniak            0  2  2   1  0   5  0  0  0  0  0/1    16:49   1:14   0:00 
Leo Komarov              1  1  2   1  2   2  3  0  0  0  11/20  17:12   0:00   0:50 
Michael Frolik           0  0  0  -2  0   3  2  0  0  0  0/3    24:27   2:00   3:16 
Nick Foligno             0  0  0   0  2   2  2  0  0  0  1/1    16:00   1:14   1:27 
Ron Hainsey              0  0  0  -1  0   0  1  1  0  0  0/0    23:21   1:59   3:32 
Zach Parise              0  0  0  -2  0   2  1  1  0  0  1/1    21:55   2:44   0:00 

3 Stars

1 - Oliver Ekman-Larsson (BUF)
2 - Jamie McGinn (CAR)
3 - Leo Komarov (CAR)

Power Play

Sabres - 0 on 4 Attempt(s) - 0.00%
Hurricanes - 0 on 2 Attempt(s) - 0.00%

Penalty Kill

Sabres - 2 on 2 Attempt(s) - 100.00% - Score 0 goal in Penalty Kill
Hurricanes - 4 on 4 Attempt(s) - 100.00% - Score 0 goal in Penalty Kill

Team Stat

Sabres - Hits : 28 - Faceoff Wins : 41 - Blocked Shots : 6 - Penalty Minutes : 4
Hurricanes - Hits : 21 - Faceoff Wins : 37 - Blocked Shots : 9 - Penalty Minutes : 8

Official

Referees : Kyle Rehman and Kevin Pollock
Linesman : John Grandt and Brian Mach

Game Notes

Carl Hagelin is injured at 5:00 of 1st period (Back)

Finance

Level 1 -- Attendance: 4575 (76.25%) -- Ticket Income $530,700
Level 2 -- Attendance: 4634 (92.68%) -- Ticket Income $329,014
Level 3 -- Attendance: 3409 (97.40%) -- Ticket Income $149,996
Level 4 -- Attendance: 3097 (97.39%) -- Ticket Income $77,425
Luxury Box -- Attendance: 1000 (100.00%) -- Ticket Income $206,000
Game was played at the PNC Arena.
Total Attendance: 16715 (89.48%)
Total Ticket Income: $1,293,135
Other Income: $193,970
Total Income: $1,487,105

% Time on Ice - Sabres

Lines # - Real PCT - Wanted PCT - Time Play
Normal Forward
1 - 38% - 40% - 17:47
2 - 28% - 30% - 13:02
3 - 21% - 20% - 9:52
4 - 14% - 10% - 6:25
Normal Defense
1 - 39% - 40% - 18:27
2 - 33% - 30% - 15:21
3 - 25% - 20% - 11:48
4 - 3% - 10% - 1:30
PP Forward
1 - 53% - 60% - 4:11
2 - 47% - 40% - 3:45
PP Defense
1 - 42% - 60% - 3:21
2 - 58% - 40% - 4:35
PK Forward
1 - 62% - 60% - 2:28
2 - 38% - 40% - 1:30
PK Defense
1 - 46% - 60% - 1:49
2 - 54% - 40% - 2:09
PK3 Forward
1 - 0% - 60%
2 - 0% - 40%
PK3 Defense
1 - 0% - 60%
2 - 0% - 40%
44 Forward
1 - 0% - 60%
2 - 0% - 40%
44 Defense
1 - 0% - 60%
2 - 0% - 40%
Last Minute Offensive  - 0:00
Last Minute Defensive  - 1:00
Total
Forward - 60:00
Defense - 60:00

% Time on Ice - Hurricanes

Lines # - Real PCT - Wanted PCT - Time Play
Normal Forward
1 - 41% - 38% - 19:11
2 - 33% - 31% - 15:35
3 - 18% - 20% - 8:36
4 - 8% - 11% - 3:56
Normal Defense
1 - 38% - 38% - 17:50
2 - 30% - 31% - 14:03
3 - 21% - 20% - 10:10
4 - 11% - 11% - 5:15
PP Forward
1 - 69% - 56% - 2:44
2 - 31% - 44% - 1:14
PP Defense
1 - 50% - 58% - 1:59
2 - 50% - 42% - 1:59
PK Forward
1 - 86% - 56% - 6:50
2 - 14% - 44% - 1:06
PK Defense
1 - 47% - 58% - 3:46
2 - 53% - 42% - 4:10
PK3 Forward
1 - 0% - 55%
2 - 0% - 45%
PK3 Defense
1 - 0% - 57%
2 - 0% - 43%
44 Forward
1 - 0% - 56%
2 - 0% - 44%
44 Defense
1 - 0% - 57%
2 - 0% - 43%
Last Minute Offensive  - 0:48
Last Minute Defensive  - 0:00
Total
Forward - 60:00
Defense - 60:00

Play by Play

1st period


0:01 of 1st period - Bryan Little wins face-off versus Ryan Johansen in neutral zone.
0:16 of 1st period - Zach Parise is hit by Oliver Ekman-Larsson and loses puck.
0:22 of 1st period - Ryan Johansen is hit by Michael Frolik and loses puck.
0:26 of 1st period - Francois Beauchemin is hit by Dustin Byfuglien and loses puck.
0:35 of 1st period - Shot by Bryan Little.
0:35 of 1st period - Shot Misses the Net.
1:11 of 1st period - Icing by Tyler Myers.
1:12 of 1st period - Leo Komarov wins face-off versus Kyle Turris in Sabres zone.
1:15 of 1st period - Shot by Lee Stempniak.
1:15 of 1st period - Shot Misses the Net.
1:17 of 1st period - Shot by Leo Komarov.
1:17 of 1st period - Deflect By Lee Stempniak.
1:17 of 1st period - Stopped by Ondrej Pavelec without a rebound.
1:18 of 1st period - Carl Hagelin wins face-off versus Zach Hyman in Sabres zone.
1:39 of 1st period - Shot by Zach Hyman.
1:39 of 1st period - Shot Misses the Net.
1:41 of 1st period - Shot by Gustav Nyquist.
1:41 of 1st period - Shot Misses the Net.
1:47 of 1st period - Shot by Gustav Nyquist.
1:47 of 1st period - Shot Misses the Net.
1:49 of 1st period - Shot by Johnny Oduya.
1:49 of 1st period - Stopped by Frederik Andersen without a rebound.
1:50 of 1st period - Jacob Josefson wins face-off versus Leo Komarov in Hurricanes zone.
2:01 of 1st period - Shot by Jamie McGinn.
2:01 of 1st period - Shot Misses the Net.
2:08 of 1st period - Icing by Oliver Ekman-Larsson.
2:09 of 1st period - Lars Eller wins face-off versus Brian Boyle in Sabres zone.
2:09 of 1st period - Lars Eller is hit by Alex Chiasson.
2:20 of 1st period - Off-side.
2:21 of 1st period - Leo Komarov wins face-off versus Kyle Turris in neutral zone.
3:38 of 1st period - Shot by Nino Niederreiter.
3:38 of 1st period - Shot Misses the Net.
3:40 of 1st period - Shot by Ryan Johansen.
3:40 of 1st period - Shot Misses the Net.
3:42 of 1st period - Shot by Nino Niederreiter.
3:42 of 1st period - Deflect By Ryan Johansen.
3:42 of 1st period - Shot Misses the Net.
3:44 of 1st period - Shot by Ryan Johansen.
3:44 of 1st period - Shot Misses the Net.
4:27 of 1st period - Shot by Zach Hyman.
4:27 of 1st period - Stopped by Frederik Andersen with a rebound.
4:40 of 1st period - Shot by Zach Hyman.
4:40 of 1st period - Shot Misses the Net.
4:46 of 1st period - Shot by Michael Frolik.
4:46 of 1st period - Stopped by Ondrej Pavelec without a rebound.
4:47 of 1st period - Thomas Vanek wins face-off versus Brad Richardson in Sabres zone.
4:47 of 1st period - Thomas Vanek is hit by Nick Foligno.
4:59 of 1st period - Carl Hagelin is hit by Rasmus Ristolainen and loses puck.
5:00 of 1st period - Carl Hagelin from Hurricanes is injured at 5:00 of 1st period (Back).
5:01 of 1st period - Lars Eller wins face-off versus Leo Komarov in Sabres zone.
5:01 of 1st period - Lars Eller is hit by Leo Komarov.
5:11 of 1st period - Shot by Lee Stempniak.
5:11 of 1st period - Stopped by Ondrej Pavelec with a rebound.
5:13 of 1st period - Shot by Keith Yandle.
5:13 of 1st period - Stopped by Ondrej Pavelec without a rebound.
5:14 of 1st period - Bryan Little wins face-off versus Ryan Johansen in Sabres zone.
5:19 of 1st period - Shot by Michael Frolik.
5:19 of 1st period - Shot Misses the Net.
6:09 of 1st period - Icing by Dustin Byfuglien.
6:10 of 1st period - Kyle Turris wins face-off versus Bryan Little in Hurricanes zone.
6:23 of 1st period - Francois Beauchemin is hit by Ron Hainsey and loses puck.
6:42 of 1st period - Off-side.
6:43 of 1st period - Zach Hyman wins face-off versus Leo Komarov in neutral zone.
7:21 of 1st period - Icing by Brian Dumoulin.
7:22 of 1st period - Ryan Johansen wins face-off versus Leo Komarov in Hurricanes zone.
7:28 of 1st period - Icing by Leo Komarov.
7:29 of 1st period - Jamie McGinn wins face-off versus Ryan Johansen in Hurricanes zone.
7:29 of 1st period - Lee Stempniak is hit by Nino Niederreiter and loses puck.
7:38 of 1st period - Oliver Ekman-Larsson is hit by Leo Komarov and loses puck.
8:09 of 1st period - Minor Penalty to Ryan Johansen for Hooking.
8:10 of 1st period - Matt Cullen wins face-off versus Bryan Little in Sabres zone.
8:55 of 1st period - Off-side.
8:56 of 1st period - Matt Cullen wins face-off versus Michael Frolik in neutral zone.
9:42 of 1st period - Shot by Bryan Little.
9:42 of 1st period - Shot Blocked by Daniel Winnik.
9:44 of 1st period - Shot by Ron Hainsey.
9:44 of 1st period - Shot Blocked by Braydon Coburn.
10:04 of 1st period - Shot by Zach Parise.
10:04 of 1st period - Deflect By Bryan Little.
10:04 of 1st period - Shot Misses the Net.
10:14 of 1st period - Nino Niederreiter is hit by Alex Chiasson and loses puck.
10:20 of 1st period - Nick Foligno is hit by Oliver Ekman-Larsson and loses puck.
10:29 of 1st period - Minor Penalty to Oliver Ekman-Larsson for Hooking.
10:30 of 1st period - Bryan Little wins face-off versus Zach Hyman in Sabres zone.
10:38 of 1st period - Zach Parise is hit by Francois Beauchemin and loses puck.
10:49 of 1st period - Shot by Keith Yandle.
10:49 of 1st period - Deflect By Jamie McGinn.
10:49 of 1st period - Stopped by Ondrej Pavelec without a rebound.
10:50 of 1st period - Zach Hyman wins face-off versus Michael Frolik in Sabres zone.
11:44 of 1st period - Off-side.
11:45 of 1st period - Bryan Little wins face-off versus Zach Hyman in neutral zone.
12:38 of 1st period - Shot by Brock Nelson.
12:38 of 1st period - Stopped by Frederik Andersen without a rebound.
12:39 of 1st period - Brad Richardson wins face-off versus Ryan Johansen in Hurricanes zone.
12:51 of 1st period - Minor Penalty to Nick Foligno for Roughing.
12:52 of 1st period - Kyle Turris wins face-off versus Brad Richardson in Hurricanes zone.
13:48 of 1st period - Shot by Brock Nelson.
13:48 of 1st period - Deflect By Thomas Vanek.
13:48 of 1st period - Stopped by Frederik Andersen without a rebound.
13:49 of 1st period - Ryan Johansen wins face-off versus Brad Richardson in Hurricanes zone.
14:47 of 1st period - Off-side.
14:48 of 1st period - Kyle Turris wins face-off versus Brad Richardson in neutral zone.
14:50 of 1st period - Tyler Myers is hit by Michael Frolik.
14:51 of 1st period - Off-side.
14:52 of 1st period - Lars Eller wins face-off versus Bryan Little in neutral zone.
15:13 of 1st period - Shot by Lars Eller.
15:13 of 1st period - Stopped by Frederik Andersen without a rebound.
15:14 of 1st period - Zach Hyman wins face-off versus Lee Stempniak in Hurricanes zone.
15:22 of 1st period - Off-side.
15:23 of 1st period - Kyle Turris wins face-off versus Leo Komarov in neutral zone.
15:30 of 1st period - Shot by Thomas Vanek.
15:30 of 1st period - Shot Blocked by Ron Hainsey.
16:07 of 1st period - Icing by Francois Beauchemin.
16:08 of 1st period - Kyle Turris wins face-off versus Bryan Little in Sabres zone.
16:45 of 1st period - Shot by Ryan Johansen.
16:45 of 1st period - Shot Misses the Net.
16:47 of 1st period - Shot by Rasmus Ristolainen.
16:47 of 1st period - Shot Misses the Net.
16:49 of 1st period - Shot by Tyler Myers.
16:49 of 1st period - Shot Blocked by Kyle Quincey.
17:02 of 1st period - Nino Niederreiter is hit by Kyle Quincey.
17:04 of 1st period - Shot by Brock Nelson.
17:04 of 1st period - Stopped by Frederik Andersen with a rebound.
17:16 of 1st period - Shot by Daniel Winnik.
17:16 of 1st period - Stopped by Frederik Andersen without a rebound.
17:17 of 1st period - Brad Richardson wins face-off versus Zach Hyman in Hurricanes zone.
17:19 of 1st period - Icing by Dustin Byfuglien.
17:20 of 1st period - Zach Hyman wins face-off versus Brad Richardson in Hurricanes zone.
17:28 of 1st period - Off-side.
17:29 of 1st period - Kyle Turris wins face-off versus Leo Komarov in neutral zone.
17:40 of 1st period - Shot by Thomas Vanek.
17:40 of 1st period - Shot Misses the Net.
17:42 of 1st period - Shot by Matt Cullen.
17:42 of 1st period - Stopped by Frederik Andersen without a rebound.
17:43 of 1st period - Ryan Johansen wins face-off versus Brad Richardson in Hurricanes zone.
18:04 of 1st period - Nick Foligno is hit by Ryan Johansen and loses puck.
18:48 of 1st period - Keith Yandle is hit by Oliver Ekman-Larsson and loses puck.
19:21 of 1st period - Francois Beauchemin is hit by Bryan Little and loses puck.
19:26 of 1st period - Shot by Michael Frolik.
19:26 of 1st period - Shot Misses the Net.
19:28 of 1st period - Shot by Michael Frolik.
19:28 of 1st period - Shot Blocked by Francois Beauchemin.
Goals for this period are 0 for Sabres vs 0 for Hurricanes.
Shots for this period are 8 for Sabres vs 5 for Hurricanes.

2nd period


0:01 of 2nd period - Ryan Johansen wins face-off versus Bryan Little in neutral zone.
0:34 of 2nd period - Bryan Little is hit by Ryan Johansen and loses puck.
1:02 of 2nd period - Oliver Ekman-Larsson is hit by Leo Komarov and loses puck.
1:25 of 2nd period - Shot by Daniel Winnik.
1:25 of 2nd period - Shot Misses the Net.
1:27 of 2nd period - Shot by Gustav Nyquist.
1:27 of 2nd period - Shot Misses the Net.
1:40 of 2nd period - Icing by Kyle Quincey.
1:41 of 2nd period - Leo Komarov wins face-off versus Kyle Turris in Hurricanes zone.
1:41 of 2nd period - Leo Komarov is hit by Matt Cullen.
1:48 of 2nd period - Minor Penalty to Kyle Quincey for Boarding.
1:49 of 2nd period - Ryan Johansen wins face-off versus Brad Richardson in Hurricanes zone.
2:08 of 2nd period - Shot by Rasmus Ristolainen.
2:08 of 2nd period - Shot Misses the Net.
3:09 of 2nd period - Shot by Francois Beauchemin.
3:09 of 2nd period - Stopped by Frederik Andersen with a rebound.
3:19 of 2nd period - Shot by Francois Beauchemin.
3:19 of 2nd period - Shot Misses the Net.
3:45 of 2nd period - Shot by Rasmus Ristolainen.
3:45 of 2nd period - Shot Blocked by Brian Dumoulin.
3:51 of 2nd period - Shot by Kris Versteeg.
3:51 of 2nd period - Stopped by Frederik Andersen without a rebound.
3:52 of 2nd period - Lars Eller wins face-off versus Leo Komarov in Hurricanes zone.
3:54 of 2nd period - Kris Versteeg is hit by Jordan Oesterle.
4:13 of 2nd period - Shot by Lee Stempniak.
4:13 of 2nd period - Shot Misses the Net.
4:15 of 2nd period - Shot by Leo Komarov.
4:15 of 2nd period - Goal by Leo Komarov - Sabres : 0 - Hurricanes : 1.
4:16 of 2nd period - Zach Hyman wins face-off versus Bryan Little in neutral zone.
4:38 of 2nd period - Shot by Zach Hyman.
4:38 of 2nd period - Shot Misses the Net.
4:40 of 2nd period - Shot by Daniel Winnik.
4:40 of 2nd period - Shot Misses the Net.
4:42 of 2nd period - Shot by Daniel Winnik.
4:42 of 2nd period - Shot Misses the Net.
4:44 of 2nd period - Shot by Zach Hyman.
4:44 of 2nd period - Shot Blocked by Dustin Byfuglien.
5:08 of 2nd period - Oliver Ekman-Larsson is hit by Zach Parise and loses puck.
5:20 of 2nd period - Icing by Dustin Byfuglien.
5:21 of 2nd period - Bryan Little wins face-off versus Ryan Johansen in Hurricanes zone.
5:33 of 2nd period - Shot by Ryan Johansen.
5:33 of 2nd period - Shot Misses the Net.
5:34 of 2nd period - Minor Penalty to Dustin Byfuglien for Roughing.
5:35 of 2nd period - Brad Richardson wins face-off versus Ryan Johansen in Hurricanes zone.
6:04 of 2nd period - Shot by Ryan Johansen.
6:04 of 2nd period - Shot Misses the Net.
6:06 of 2nd period - Shot by Brock Nelson.
6:06 of 2nd period - Stopped by Frederik Andersen without a rebound.
6:07 of 2nd period - Nino Niederreiter wins face-off versus Brad Richardson in Hurricanes zone.
6:38 of 2nd period - Shot by Gustav Nyquist.
6:38 of 2nd period - Shot Misses the Net.
6:51 of 2nd period - Brad Richardson is hit by Ryan Johansen and loses puck.
7:43 of 2nd period - Shot by Lars Eller.
7:43 of 2nd period - Deflect By Kris Versteeg.
7:43 of 2nd period - Stopped by Frederik Andersen without a rebound.
7:44 of 2nd period - Leo Komarov wins face-off versus Lars Eller in Hurricanes zone.
7:59 of 2nd period - Shot by Jamie McGinn.
7:59 of 2nd period - Goal by Jamie McGinn - Sabres : 0 - Hurricanes : 2.
8:00 of 2nd period - Zach Parise wins face-off versus Kyle Turris in neutral zone.
8:21 of 2nd period - Shot by Michael Frolik.
8:21 of 2nd period - Shot Misses the Net.
8:37 of 2nd period - Shot by Kyle Turris.
8:37 of 2nd period - Goal by Kyle Turris - Sabres : 1 - Hurricanes : 2.
8:38 of 2nd period - Ryan Johansen wins face-off versus Leo Komarov in neutral zone.
8:59 of 2nd period - Shot by Lee Stempniak.
8:59 of 2nd period - Stopped by Ondrej Pavelec without a rebound.
9:00 of 2nd period - Brad Richardson wins face-off versus Zach Hyman in Sabres zone.
10:12 of 2nd period - Icing by Rasmus Ristolainen.
10:13 of 2nd period - Leo Komarov wins face-off versus Ryan Johansen in Sabres zone.
10:47 of 2nd period - Shot by Jamie McGinn.
10:47 of 2nd period - Stopped by Ondrej Pavelec without a rebound.
10:48 of 2nd period - Bryan Little wins face-off versus Kyle Turris in Sabres zone.
10:51 of 2nd period - Shot by Zach Parise.
10:51 of 2nd period - Shot Blocked by Oliver Ekman-Larsson.
10:54 of 2nd period - Icing by Francois Beauchemin.
10:55 of 2nd period - Bryan Little wins face-off versus Kyle Turris in Sabres zone.
10:58 of 2nd period - Shot by Zach Parise.
10:58 of 2nd period - Shot Misses the Net.
11:00 of 2nd period - Shot by Brian Dumoulin.
11:00 of 2nd period - Stopped by Ondrej Pavelec with a rebound.
11:20 of 2nd period - Shot by Zach Parise.
11:20 of 2nd period - Shot Misses the Net.
11:22 of 2nd period - Shot by Zach Parise.
11:22 of 2nd period - Stopped by Ondrej Pavelec with a rebound.
11:30 of 2nd period - Shot by Bryan Little.
11:30 of 2nd period - Stopped by Ondrej Pavelec without a rebound.
11:31 of 2nd period - Leo Komarov wins face-off versus Ryan Johansen in Sabres zone.
11:31 of 2nd period - Lee Stempniak is hit by Tyler Myers and loses puck.
11:48 of 2nd period - Shot by Jamie McGinn.
11:48 of 2nd period - Shot Misses the Net.
11:54 of 2nd period - Shot by Leo Komarov.
11:54 of 2nd period - Stopped by Ondrej Pavelec without a rebound.
11:55 of 2nd period - Brian Boyle wins face-off versus Lars Eller in Sabres zone.
12:10 of 2nd period - Shot by Lars Eller.
12:10 of 2nd period - Stopped by Frederik Andersen without a rebound.
12:11 of 2nd period - Ryan Johansen wins face-off versus Bryan Little in Hurricanes zone.
12:12 of 2nd period - Shot by Oliver Ekman-Larsson.
12:12 of 2nd period - Goal by Oliver Ekman-Larsson - Sabres : 2 - Hurricanes : 2.
12:13 of 2nd period - Ryan Johansen wins face-off versus Bryan Little in neutral zone.
12:46 of 2nd period - Icing by Keith Yandle.
12:47 of 2nd period - Bryan Little wins face-off versus Kyle Turris in Hurricanes zone.
12:47 of 2nd period - Bryan Little is hit by Thomas Vanek.
12:56 of 2nd period - Bryan Little is hit by Tyler Myers and loses puck.
13:26 of 2nd period - Lee Stempniak is hit by Thomas Vanek and loses puck.
14:24 of 2nd period - Shot by Nino Niederreiter.
14:24 of 2nd period - Stopped by Frederik Andersen without a rebound.
14:25 of 2nd period - Bryan Little wins face-off versus Zach Hyman in Hurricanes zone.
14:25 of 2nd period - Bryan Little is hit by Zach Hyman.
14:38 of 2nd period - Icing by Brian Dumoulin.
14:39 of 2nd period - Ryan Johansen wins face-off versus Bryan Little in Hurricanes zone.
14:57 of 2nd period - Shot by Brock Nelson.
14:57 of 2nd period - Stopped by Frederik Andersen without a rebound.
14:58 of 2nd period - Leo Komarov wins face-off versus Zach Hyman in Hurricanes zone.
14:58 of 2nd period - Lee Stempniak is hit by Zach Hyman and loses puck.
15:18 of 2nd period - Minor Penalty to Leo Komarov for Interference.
15:19 of 2nd period - Brian Boyle wins face-off versus Ryan Johansen in Hurricanes zone.
15:19 of 2nd period - Brian Boyle is hit by Ryan Johansen.
15:39 of 2nd period - Shot by Brad Richardson.
15:39 of 2nd period - Deflect By Michael Frolik.
15:39 of 2nd period - Stopped by Ondrej Pavelec without a rebound.
15:40 of 2nd period - Kyle Turris wins face-off versus Brian Boyle in Sabres zone.
15:49 of 2nd period - Ron Hainsey is hit by Nino Niederreiter and loses puck.
16:21 of 2nd period - Dustin Byfuglien is hit by Kyle Turris.
16:38 of 2nd period - Icing by Tyler Myers.
16:39 of 2nd period - Kyle Turris wins face-off versus Brad Richardson in Sabres zone.
16:39 of 2nd period - Kyle Turris is hit by Brad Richardson.
17:30 of 2nd period - Shot by Jacob Josefson.
17:30 of 2nd period - Shot Misses the Net.
17:32 of 2nd period - Shot by Lars Eller.
17:32 of 2nd period - Shot Misses the Net.
17:34 of 2nd period - Shot by Jacob Josefson.
17:34 of 2nd period - Goal by Jacob Josefson - Sabres : 3 - Hurricanes : 2.
17:35 of 2nd period - Lars Eller wins face-off versus Bryan Little in neutral zone.
17:38 of 2nd period - Michael Frolik is hit by Lars Eller and loses puck.
17:47 of 2nd period - Shot by Bryan Little.
17:47 of 2nd period - Stopped by Ondrej Pavelec with a rebound.
18:01 of 2nd period - Shot by Kris Versteeg.
18:01 of 2nd period - Stopped by Frederik Andersen with a rebound.
18:15 of 2nd period - Shot by Bryan Little.
18:15 of 2nd period - Stopped by Ondrej Pavelec with a rebound.
19:56 of 2nd period - Shot by Lee Stempniak.
19:56 of 2nd period - Shot Blocked by Tyler Myers.
Goals for this period are 3 for Sabres vs 2 for Hurricanes.
Shots for this period are 11 for Sabres vs 11 for Hurricanes.

3rd period


0:01 of 3rd period - Nino Niederreiter wins face-off versus Brad Richardson in neutral zone.
0:12 of 3rd period - Shot by Nino Niederreiter.
0:12 of 3rd period - Stopped by Frederik Andersen without a rebound.
0:13 of 3rd period - Leo Komarov wins face-off versus Kyle Turris in Hurricanes zone.
0:15 of 3rd period - Jamie McGinn is hit by Kyle Turris.
0:35 of 3rd period - Shot by Leo Komarov.
0:35 of 3rd period - Shot Misses the Net.
0:37 of 3rd period - Shot by Lee Stempniak.
0:37 of 3rd period - Stopped by Ondrej Pavelec without a rebound.
0:38 of 3rd period - Brad Richardson wins face-off versus Ryan Johansen in Sabres zone.
0:54 of 3rd period - Nino Niederreiter is hit by Dustin Byfuglien and loses puck.
1:11 of 3rd period - Shot by Brock Nelson.
1:11 of 3rd period - Shot Misses the Net.
1:13 of 3rd period - Shot by Ryan Johansen.
1:13 of 3rd period - Shot Blocked by Dustin Byfuglien.
1:17 of 3rd period - Shot by Ryan Johansen.
1:17 of 3rd period - Shot Misses the Net.
1:19 of 3rd period - Shot by Ryan Johansen.
1:19 of 3rd period - Deflect By Nino Niederreiter.
1:19 of 3rd period - Shot Blocked by Dustin Byfuglien.
1:52 of 3rd period - Kyle Turris is hit by Brian Dumoulin and loses puck.
2:01 of 3rd period - Shot by Thomas Vanek.
2:01 of 3rd period - Stopped by Frederik Andersen with a rebound.
2:37 of 3rd period - Shot by Zach Hyman.
2:37 of 3rd period - Stopped by Frederik Andersen without a rebound.
2:38 of 3rd period - Kris Versteeg wins face-off versus Bryan Little in Hurricanes zone.
3:47 of 3rd period - Ron Hainsey is hit by Ryan Johansen and loses puck.
5:07 of 3rd period - Shot by Leo Komarov.
5:07 of 3rd period - Deflect By Jamie McGinn.
5:07 of 3rd period - Stopped by Ondrej Pavelec without a rebound.
5:08 of 3rd period - Kyle Turris wins face-off versus Brad Richardson in Sabres zone.
5:24 of 3rd period - Brad Richardson is hit by Oliver Ekman-Larsson and loses puck.
5:27 of 3rd period - Shot by Brad Richardson.
5:27 of 3rd period - Stopped by Ondrej Pavelec without a rebound.
5:28 of 3rd period - Bryan Little wins face-off versus Zach Hyman in Sabres zone.
5:30 of 3rd period - Michael Frolik is hit by Tyler Myers and loses puck.
5:55 of 3rd period - Shot by Gustav Nyquist.
5:55 of 3rd period - Stopped by Frederik Andersen with a rebound.
5:57 of 3rd period - Shot by Daniel Winnik.
5:57 of 3rd period - Shot Blocked by Bryan Little.
6:40 of 3rd period - Shot by Matt Cullen.
6:40 of 3rd period - Shot Misses the Net.
6:42 of 3rd period - Shot by Francois Beauchemin.
6:42 of 3rd period - Shot Misses the Net.
6:50 of 3rd period - Shot by Kyle Turris.
6:50 of 3rd period - Stopped by Frederik Andersen without a rebound.
6:51 of 3rd period - Brad Richardson wins face-off versus Lars Eller in Hurricanes zone.
6:51 of 3rd period - Nick Foligno is hit by Lars Eller and loses puck.
7:10 of 3rd period - Rasmus Ristolainen is hit by Nick Foligno and loses puck.
7:42 of 3rd period - Jordan Oesterle is hit by Rasmus Ristolainen and loses puck.
8:24 of 3rd period - Shot by Nino Niederreiter.
8:24 of 3rd period - Shot Misses the Net.
8:47 of 3rd period - Nino Niederreiter is hit by Dustin Byfuglien and loses puck.
8:54 of 3rd period - Nino Niederreiter is hit by Alex Chiasson and loses puck.
9:26 of 3rd period - Off-side.
9:27 of 3rd period - Bryan Little wins face-off versus Kyle Turris in neutral zone.
10:23 of 3rd period - Michael Frolik is hit by Matt Cullen and loses puck.
10:36 of 3rd period - Icing by Zach Hyman.
10:37 of 3rd period - Leo Komarov wins face-off versus Zach Hyman in Sabres zone.
10:38 of 3rd period - Shot by Jamie McGinn.
10:38 of 3rd period - Stopped by Ondrej Pavelec without a rebound.
10:39 of 3rd period - Leo Komarov wins face-off versus Ryan Johansen in Sabres zone.
12:22 of 3rd period - Icing by Daniel Winnik.
12:23 of 3rd period - Zach Hyman wins face-off versus Michael Frolik in Sabres zone.
12:23 of 3rd period - Zach Hyman is hit by Bryan Little.
12:33 of 3rd period - Shot by Michael Frolik.
12:33 of 3rd period - Stopped by Ondrej Pavelec without a rebound.
12:34 of 3rd period - Kyle Turris wins face-off versus Leo Komarov in Sabres zone.
13:00 of 3rd period - Shot by Lee Stempniak.
13:00 of 3rd period - Shot Blocked by Johnny Oduya.
13:11 of 3rd period - Shot by Jamie McGinn.
13:11 of 3rd period - Stopped by Ondrej Pavelec without a rebound.
13:12 of 3rd period - Bryan Little wins face-off versus Ryan Johansen in Sabres zone.
13:36 of 3rd period - Shot by Michael Frolik.
13:36 of 3rd period - Deflect By Zach Parise.
13:36 of 3rd period - Stopped by Ondrej Pavelec without a rebound.
13:37 of 3rd period - Brad Richardson wins face-off versus Zach Hyman in Sabres zone.
13:47 of 3rd period - Nick Foligno is hit by Rasmus Ristolainen.
14:03 of 3rd period - Shot by Nick Foligno.
14:03 of 3rd period - Stopped by Ondrej Pavelec without a rebound.
14:04 of 3rd period - Ryan Johansen wins face-off versus Bryan Little in Sabres zone.
15:26 of 3rd period - Icing by Francois Beauchemin.
15:27 of 3rd period - Ryan Johansen wins face-off versus Brian Boyle in Sabres zone.
15:55 of 3rd period - Icing by Kyle Quincey.
15:56 of 3rd period - Brian Boyle wins face-off versus Zach Hyman in Hurricanes zone.
16:44 of 3rd period - Shot by Jamie McGinn.
16:44 of 3rd period - Shot Misses the Net.
16:54 of 3rd period - Shot by Lee Stempniak.
16:54 of 3rd period - Stopped by Ondrej Pavelec with a rebound.
17:29 of 3rd period - Icing by Dustin Byfuglien.
17:30 of 3rd period - Leo Komarov wins face-off versus Lars Eller in Hurricanes zone.
17:40 of 3rd period - Icing by Francois Beauchemin.
17:41 of 3rd period - Lars Eller wins face-off versus Brad Richardson in Sabres zone.
18:11 of 3rd period - Shot by Nick Foligno.
18:11 of 3rd period - Stopped by Ondrej Pavelec without a rebound.
18:12 of 3rd period - Ryan Johansen wins face-off versus Bryan Little in Sabres zone.
18:19 of 3rd period - Shot by Nino Niederreiter.
18:19 of 3rd period - Shot Misses the Net.
18:23 of 3rd period - Shot by Brock Nelson.
18:23 of 3rd period - Stopped by Frederik Andersen with a rebound.
18:37 of 3rd period - Shot by Ryan Johansen.
18:37 of 3rd period - Shot Misses the Net.
18:45 of 3rd period - Shot by Ryan Johansen.
18:45 of 3rd period - Shot Misses the Net.
19:07 of 3rd period - Shot by Kyle Turris.
19:07 of 3rd period - Shot Blocked by Zach Parise.
19:09 of 3rd period - Shot by Francois Beauchemin.
19:09 of 3rd period - Shot Blocked by Bryan Little.
19:11 of 3rd period - Shot by Matt Cullen.
19:11 of 3rd period - Stopped by Frederik Andersen without a rebound.
19:12 of 3rd period - Nick Foligno wins face-off versus Kyle Turris in Hurricanes zone.
19:37 of 3rd period - Hurricanes, Frederik Andersen is pulled from the net.
Goals for this period are 0 for Sabres vs 0 for Hurricanes.
Shots for this period are 7 for Sabres vs 10 for Hurricanes.